 Dungeon Crawl Stone Soup version 0.31.0-32-g396128a36d (webtiles) character file.

Game seed: 651893945265598866

495 PaiMei the Grave Robber (level 6, -9/48 HPs)
             Began as a Demonspawn Necromancer on Apr 22, 2024.
             Shot with a bolt by an orc warrior (19 damage)
             ... on level 6 of the Dungeon.
             The game lasted 00:06:39 (5153 turns).

PaiMei the Grave Robber (Demonspawn Necromancer)    Turns: 5153, Time: 00:06:39

Health: -9/48      AC:  3    Str:  8    XL:     6   Next: 92%
Magic:  4/11       EV: 13    Int: 18    God:
Gold:   322        SH:  0    Dex: 13    Spells: 8/12 levels left

rFire   . . .        t - +1 dagger (venom)
rCold   . . .        (no shield)
rNeg    . . .        a - +0 robe
rPois   .            (helmet restricted)
rElec   .            (no cloak)
rCorr   .            (no gloves)
SInv    .            (no boots)
Will    .....        (no amulet)
Stlth   +            (no ring)
HPRegen 0.28/turn    (no ring)
MPRegen 0.12/turn

%: no passive effects
@: confused
A: horns 1, rugged brown scales 1, powered by pain 1, demonic magic 1
a: no special abilities


You were on level 6 of the Dungeon.
You visited 1 branch of the dungeon, and saw 6 of its levels.

You collected 322 gold pieces.

Inventory:

Hand Weapons
 f - a +0 dagger
 g - a +0 short sword
 m - a +1 whip of freezing
 t - a +1 dagger of venom (weapon)
 v - a +1 dagger of electrocution
Armour
 a - a +0 robe (worn)
Jewellery
 k - a ring of fire
 p - a ring of poison resistance
Scrolls
 e - a scroll of enchant weapon {unknown}
 i - a scroll of noise {unknown}
 j - a scroll of blinking {unknown}
 n - 2 scrolls of teleportation {unknown}
 o - 4 scrolls of identify {unknown}
 q - a scroll of amnesia {unknown}
 r - 2 scrolls of enchant armour {unknown}
 s - a scroll of poison {unknown}
 u - 2 scrolls of fear {unknown}
 x - a scroll of summoning {unknown}
Potions
 b - a potion of magic
 d - a potion of attraction {unknown}
 h - a potion of mutation {unknown}
 l - 3 potions of might {unknown}
 w - 3 potions of resistance {unknown}
 z - a potion of lignification {unknown}
 A - 2 potions of heal wounds {unknown}


   Skills:
 + Level 3.2 Fighting
 + Level 3.6 Dodging
 - Level 2.0 Stealth
 + Level 3.8 Spellcasting
 + Level 5.9 Necromancy


You had 8 spell levels left.
You knew the following spells:

 Your Spells              Type           Power      Damage    Failure   Level
a - Necrotise             Necr           96%        1d8       1%          1
b - Vampiric Draining     Necr           24%        2d7       4%          3

Your spell library contained the following spells:

 Spells                   Type           Power      Damage    Failure   Level
 Animate Dead             Necr           24%        N/A       13%         4
 Curse of Agony           Necr           24%        N/A       36%         5
 Dazzling Flash           Conj/Hex       6%         N/A       41%         3
 Volatile Blastmotes      Fire/Tloc      6%         2d10      41%         3
 Starburst                Conj/Fire      1%         6d3       100%        6
 Maxwell's Capacitive Co  Air            1%         ∞         100%        8


Dungeon Overview and Level Annotations

Branches:
Dungeon (7/15)
 Temple: D:4-7

Altars:
Dithmenos
Xom

Shops:
D:6 (:

Annotations:
D:3 2 runed translucent doors, ArgonVx2's ghost, amateur DENe


Innate Abilities, Weirdness & Mutations

You have a pair of small horns on your head.
You are partially covered in rugged brown scales. (AC +1, +3% HP)
You sometimes gain a little power by taking damage.
Spells you cast may paralyse adjacent enemies.


Message History

It was a potion of curing.
You feel better.
You feel better.
You feel better.
An orc wizard comes into view. It is wielding a +0 dagger.
Casting: Necrotise (safe; 1% risk of failure)
Confirm with . or Enter, or press ? or * to list all spells.
Aiming: Vampiric Draining (dangerous; 4% risk of failure)
Press: ? - help, Shift-Dir - straight line, f - orc warrior
Aim: an orc warrior, wielding a +0 arbalest and wearing a +0 chain mail You draw life force from the orc warrior!
You feel life coursing into your body. Malevolent energies surge around you.
The orc warrior unwields a +0 arbalest.
The orc warrior wields a +2 war axe of freezing.
It glows with a cold blue light!
The orc warrior barely misses you.
Casting: Vampiric Draining (dangerous; 4% risk of failure)
Confirm with . or Enter, or press ? or * to list all spells.
Aiming: Vampiric Draining (dangerous; 4% risk of failure)
Press: ? - help, Shift-Dir - straight line, f/p - orc warrior
Aim: an orc warrior, wielding a +2 war axe of freezing and wearing a +0 chain mail (moderately wounded)
You draw life force from the orc warrior.
You feel life coursing into your body. Malevolent energies surge around you.
The orc warrior suddenly stops moving!
There is a stone staircase leading down here.
The orc wizard shouts!
The orc warrior is no longer paralysed.
The orc wizard casts a spell at you. The puff of flame hits you!
You see here a +0 giant club.
The orc wizard points at you and mumbles some strange words.
You are confused.
The orc warrior shouts!
The orc wizard casts a spell at you. The magic dart hits you!
The orc warrior unwields a +2 war axe of freezing.
The orc warrior wields a +0 arbalest.
The orc warrior shoots a bolt.
The bolt barely misses you.
You bump into the rock wall.
The orc warrior shoots a bolt.
The bolt hits you!
* * * LOW HITPOINT WARNING * * *
The orc warrior shoots a bolt.
The bolt hits you!!
You die...

#.#.## ####o#.##
#...o.... #........
#.....).. ####o#...
###o####
###############......#
#....@..o.o.....o.####
##.########..##o### #
#.# #..##o# # #.#
#..##.# # #.# #..##.#
# #o# ######..##.# #
#.# #..o.o..#..# #
#.###.####.o..## #
#......######## #


You could see an orc warrior and an orc.

Vanquished Creatures
  An ogre (D:6)
  A jelly (D:6)
  A bombardier beetle (D:4)
  A gnoll bouda (D:4)
  2 orc priests
  A sleepcap (D:6)
  5 gnolls (D:4)
  5 adders
  A ribbon worm (D:2)
  6 dart slugs
  7 orcs
  16 endoplasms
  6 giant cockroaches
  14 goblins
  5 hobgoblins
  2 jackals (D:1)
  3 quokkas
  6 ball pythons
  4 bats
  3 frilled lizards
  8 kobolds
  6 rats
104 creatures vanquished.

Vanquished Creatures (collateral kills)
  A goblin (D:2)
1 creature vanquished.

Grand Total: 105 creatures vanquished

Notes
Turn   | Place    | Note
-------+----------+-------------------------------------------
     0 | D:1      | PaiMei the Demonspawn Necromancer began the quest for the
                  | Orb.
     0 | D:1      | Reached XP level 1. HP: 13/13 MP: 3/3
   318 | D:1      | Gained mutation: You have a pair of small horns on your
                  | head. [demonic ancestry]
   318 | D:1      | Reached XP level 2. HP: 19/19 MP: 0/5
   903 | D:1      | Gained mutation: You are partially covered in rugged brown
                  | scales. (AC +1, +3% HP) [demonic ancestry]
   903 | D:1      | Reached XP level 3. HP: 20/25 MP: 0/6
   907 | D:1      | Learned a level 3 spell: Vampiric Draining
  1501 | D:2      | Reached skill level 1 in Fighting
  1748 | D:2      | Found a shimmering altar of Xom.
  1909 | D:2      | Gained mutation: Spells you cast may paralyse adjacent
                  | enemies. [demonic ancestry]
  1909 | D:2      | Reached XP level 4. HP: 32/32 MP: 3/8
  2368 | D:2      | Reached skill level 5 in Necromancy
  2522 | D:2      | Found a faded altar of an unknown god.
  3016 | D:3      | Found a large runed translucent door.
  3017 | D:3      | Found a large runed translucent door.
  3017 | D:3      | Noticed ArgonVx2's ghost (amateur DENe)
  3059 | D:3      | Gained mutation: You sometimes gain a little power by
                  | taking damage. [demonic ancestry]
  3059 | D:3      | Reached XP level 5. HP: 31/39 MP: 0/9
  3724 | D:3      | Found a faded altar of an unknown god.
  4492 | D:4      | Reached XP level 6. HP: 47/47 MP: 3/11
  4618 | D:4      | Found a shadowy altar of Dithmenos.
  4633 | D:4      | You fall into a shaft and drop 3 floors!
  4782 | D:6      | Found Gadusch's Self-Improvement Boutique.
  4937 | D:6      | Found Sutun's Weapon Shoppe.
  5066 | D:6      | Noticed an orc warrior
  5093 | D:7      | Noticed an orc warrior
  5107 | D:6      | HP: 2/48 [orc warrior/bolt (19)]
  5153 | D:6      | Shot with a bolt by an orc warrior

Illustrated notes

Levels and vault maps discovered:
D:1:      dpeg_arrival_signposts, layout_loops_ring
D:2:      minmay_chambers_of_twos, layout_basic, basic_altar,
          hellmonk_ecumenical_altar_zigzags, minmay_misc_feat_ornament
D:3:      minmay_spotlight, layout_loops_corners,
          nicolae_overflow_ecumenical_swirl, ebering_ghost_disaster_area
D:4:      minmay_goblin_kobold_castle, layout_basic,
          grunt_temple_overflow_gold_and_silver,
          mainiacjoe_overflow_concentric_impassable, overflow_temple_1_default,
          corexii_leaking_fountain
D:6:      layout_basic, serial_shops, nicolae_shop_hallway_plus,
          nicolae_shop_self_help
D:7:      layout_loops_corners, minmay_temple_entry_nine_rooms,
          solitary_fountain

Skill      XL: |  1  2  3  4  5  6 |
---------------+-------------------+-----
Stealth        | 2 |  2.0
Dodging        | 2 3 |  3.6
Fighting       | 1 2 3 |  3.2
Necromancy     | 5 |  5.9
Spellcasting   | 3 |  3.8

Action                     |  1- 3 |  4- 6 || total
---------------------------+-------+-------++-------
  Melee: Dagger            |     3 |     5 ||     8
         Short sword       |     4 |       ||     4
         Whip              |     6 |    10 ||    16
         Punch             |     1 |       ||     1
         Headbutt          |       |     2 ||     2
   Cast: Necrotise         |    72 |   160 ||   232
         Vampiric Draining |       |     5 ||     5
    Use: Potion            |       |     3 ||     3
   Stab: Paralysed         |       |     4 ||     4
 Armour: Robe              |     9 |    35 ||    44
  Dodge: Dodged            |    18 |    35 ||    53
